[Event "Titled Tuesday Blitz April 05 Early 2022"]
[White "Martin Carmona, Gaston Manuel"]
[Black "Tregubov, Pavel V."]
[WhiteFideId "22284567"]
[BlackFideId "4115341"]
[WhiteElo "2146"]
[BlackElo "2341"]
[Result "0-1"]
[Round "11"]
[TimeControl "180+1"]
[Date "2022.04.05"]
[WhiteClock "0:00:03"]
[BlackClock "0:00:08"]

1. d4 Nf6 2. Nf3 e6 3. c4 Bb4+ 4. Bd2 Qe7 5. g3 Bxd2+ 6. Qxd2 Nc6 7. e3 O-O 8. Bg2 d5 9. O-O dxc4 10. Na3 e5 11. Nxc4 exd4 12. Nxd4 Nxd4 13. Qxd4 Rd8 14. Qh4 c6 15. Rfd1 Bg4 16. Rdc1 h6 17. h3 Be6 18. Qf4 Bd5 19. Rd1 g5 20. Qe5 Qxe5 21. Nxe5 Kf8 22. Nd3 Ke7 23. Nc5 Bxg2 24. Kxg2 b6 25. Nb3 c5 26. Kf3 Ke6 27. g4 Ke5 28. Nd2 Ke6 29. Nc4 Rd5 30. Rxd5 Nxd5 31. h4 b5 32. Nd2 Nf6 33. hxg5 hxg5 34. Nb3 Rc8 35. Rc1 Kd5 36. Rd1+ Ke5 37. Rc1 Ne4 38. Nd4 a6 39. Nf5 Rd8 40. Rc2 Rd2 41. Rxd2 Nxd2+ 42. Ke2 Nc4 43. b3 Nb6 44. f3 Nd5 45. Nh6 Nc3+ 46. Kd3 Nxa2 47. Nxf7+ Kf6 48. Nd6 Nb4+ 49. Kd2 Nd5 50. Ne4+ Kg6 51. Nxc5 a5 52. Kd3 Nb4+ 53. Kd4 Nc2+ 54. Ke4 Kf6 55. Kd3 Nb4+ 56. Kd4 Nc2+ 57. Ke4 Ke7 58. f4 Kf6 59. Nd3 a4 60. bxa4 bxa4 61. Nc1 a3 62. Na2 Ne1 63. f5 Ng2 64. Kf3 Ne1+ 65. Kf2 Nd3+ 66. Ke2 Ne5 67. e4 Nxg4 68. Kf3 Ne5+ 69. Ke3 Ke7 70. Kd4 Kd6 71. Nc3 Nc6+ 72. Ke3 Ke5 73. Kf3 Nd4+ 74. Kg4 Kf6 75. e5+ Kxe5 76. Kxg5 Nxf5 77. Kg4 Nd4 78. Kg3 Nb5 79. Na2 Ke4 80. Kf2 Kd3 81. Ke1 Kc2 82. Nb4+ Kb3 83. Nd3 Nd4 84. Kd2 Nc6 85. Nc5+ Kb2 86. Nd3+ Kb1 87. Ne1 a2 88. Nc2 Nb4 89. Na3+ Kb2 90. Nc4+ Kb3 91. Na5+ Ka4 0-1


[Site "https://www.chess.com"]

[Event "Titled Tuesday Blitz April 05 Early 2022"]
[White "Melikhov, Evgeny V."]
[Black "Butti, Enrique"]
[WhiteFideId "4122046"]
[BlackFideId "3700470"]
[WhiteElo "1931"]
[BlackElo "2080"]
[Result "1/2-1/2"]
[Round "11"]
[TimeControl "180+1"]
[Date "2022.04.05"]
[WhiteClock "0:00:19"]
[BlackClock "0:00:37"]

1. d4 Nf6 2. c4 e6 3. Nc3 d5 4. cxd5 Nxd5 5. e4 Nxc3 6. bxc3 c5 7. Nf3 cxd4 8. cxd4 Nc6 9. Be2 Bb4+ 10. Bd2 Bxd2+ 11. Qxd2 O-O 12. O-O b6 13. Rad1 Bb7 14. d5 exd5 15. exd5 Na5 16. d6 Qd7 17. Qd4 Bxf3 18. Bxf3 Rad8 19. Rd2 Nc6 20. Bxc6 Qxc6 21. d7 f6 22. Rfd1 Rf7 23. h4 Re7 24. h5 h6 25. Qg4 Qc5 26. Rd5 Qa3 27. Qc4 Kf8 28. Rd6 Qc5 29. Qd3 Qxh5 30. Qh7 Kf7 31. g3 Qg4 32. Qd3 Qe4 33. Qb3+ Re6 34. R1d4 Qe1+ 35. Kg2 Ke7 36. Qa3 Rxd6 37. Qxd6+ Kf7 38. Rd3 Qe7 39. Qd4 Qe6 40. Rd2 Qc6+ 41. Kg1 Qc5 42. Qd3 Qc6 43. Qd4 Qc5 44. Qd3 Qc6 45. Qd4 1/2-1/2


[Site "https://www.chess.com"]

[Event "Titled Tuesday Blitz April 05 Early 2022"]
[White "Miszler, Levente"]
[Black "Omariev, Maksim"]
[WhiteFideId "763276"]
[BlackFideId "4193423"]
[WhiteElo "1966"]
[BlackElo "2489"]
[Result "0-1"]
[Round "11"]
[TimeControl "180+1"]
[Date "2022.04.05"]
[WhiteClock "0:00:47"]
[BlackClock "0:01:02"]

1. Nf3 h5 2. d4 h4 3. e4 h3 4. g3 c6 5. Nc3 d5 6. Bd3 Bg4 7. e5 e6 8. Be3 Qb6 9. Rb1 Nd7 10. Be2 Nh6 11. O-O Nf5 12. Ng5 Bxe2 13. Qxe2 Nxd4 14. Qd2 c5 15. Na4 Qc6 16. Nxc5 Bxc5 17. Bxd4 Bxd4 18. Qxd4 Qxc2 19. Rbc1 Qf5 20. f4 O-O 21. Rc7 Nb6 22. Rxb7 Rac8 23. Rxa7 Rc2 24. Qxb6 Rg2+ 25. Kh1 Qc2 26. Nf3 Rxh2+ 27. Nxh2 Qg2# 0-1


[Site "https://www.chess.com"]

[Event "Titled Tuesday Blitz April 05 Early 2022"]
[White "Mogirzan, Matei-Valeriu"]
[Black "Khamdamova, Afruza"]
[WhiteFideId "1257455"]
[BlackFideId "14210444"]
[WhiteElo "1733"]
[BlackElo "1660"]
[Result "0-1"]
[Round "11"]
[TimeControl "180+1"]
[Date "2022.04.05"]
[WhiteClock "0:00:02"]
[BlackClock "0:00:43"]

1. f3 e5 2. Kf2 Bc5+ 3. e3 d5 4. d4 exd4 5. exd4 Bb6 6. c3 c5 7. Be3 cxd4 8. Bxd4 Nf6 9. Ne2 O-O 10. g3 Nc6 11. Bg2 Nxd4 12. Nxd4 Re8 13. Re1 Bf5 14. Kg1 Bg6 15. Nd2 Qd6 16. Nb3 Nd7 17. Qd2 Ne5 18. Rad1 Nc4 19. Qc1 a5 20. Nd2 Ne3 21. Rxe3 Rxe3 22. Nc4 dxc4 23. Qxe3 Rd8 24. Bf1 Qc7 25. Kg2 Ba7 26. Qg5 h6 27. Qb5 Bxd4 28. Rxd4 Rxd4 29. cxd4 c3 30. bxc3 Qxc3 31. d5 Qd2+ 32. Be2 Bc2 33. d6 Qxd6 34. Qxb7 Qd2 35. Qb5 g6 36. a4 Bxa4 37. Qxa4 Qxe2+ 38. Kg1 Qe1+ 39. Kg2 Kg7 40. Qd4+ Kh7 41. Qd5 Qe2+ 42. Kh3 Qe6+ 43. Qxe6 fxe6 44. Kh4 a4 45. g4 a3 46. f4 a2 47. g5 a1=Q 48. h3 Qe1+ 49. Kg4 Qe2+ 50. Kh4 h5 51. f5 Qf2# 0-1


[Site "https://www.chess.com"]

[Event "Titled Tuesday Blitz April 05 Early 2022"]
[White "Muradov, Soltan"]
[Black "Hartikainen, Jarmo"]
[WhiteFideId "14002108"]
[BlackFideId "503134"]
[WhiteElo "1854"]
[BlackElo "2114"]
[Result "0-1"]
[Round "11"]
[TimeControl "180+1"]
[Date "2022.04.05"]
[WhiteClock "0:02:46"]
[BlackClock "0:02:31"]

1. b3 g6 2. Bb2 Nf6 3. g4 h6 4. h4 Bg7 5. g5 hxg5 6. hxg5 Rxh1 7. gxf6 Bxf6 8. Bxf6 exf6 9. Nf3 d5 10. d4 Bg4 11. Qd3 Bh3 0-1


[Site "https://www.chess.com"]

[Event "Titled Tuesday Blitz April 05 Early 2022"]
[White "Namitbir Singh Walia"]
[Black "Pires, Marcos Vinicius Torsani"]
[WhiteFideId "35071068"]
[BlackFideId "2118939"]
[WhiteElo "1565"]
[BlackElo "2273"]
[Result "1-0"]
[Round "11"]
[TimeControl "180+1"]
[Date "2022.04.05"]
[WhiteClock "0:00:49"]
[BlackClock "0:00:14"]

1. d4 Nf6 2. c4 g6 3. g3 Bg7 4. Bg2 O-O 5. Nf3 d6 6. O-O Nc6 7. Nc3 e5 8. h3 exd4 9. Nxd4 Nxd4 10. Qxd4 Ng4 11. Qd2 Ne5 12. b3 c6 13. Bb2 Qc7 14. Rad1 Rd8 15. Ne4 d5 16. cxd5 Rxd5 17. Qc1 Rxd1 18. Rxd1 Bf5 19. Nd6 Be6 20. Kh1 Rd8 21. Nxb7 Rxd1+ 22. Qxd1 Nd3 23. Qxd3 Bxb2 24. Qd8+ Qxd8 25. Nxd8 Bd5 26. Bxd5 cxd5 27. Nc6 Kf8 28. Kg2 a6 29. Nb4 Ke7 30. Nxd5+ Kd6 31. Ne3 Kc5 32. Nc2 a5 33. e4 Bc3 34. f4 f6 35. Kf3 Kb5 36. Ke3 a4 37. Kd3 Bb2 38. bxa4+ Kxa4 39. Kc4 Bc1 40. Kd5 Bb2 41. e5 fxe5 42. fxe5 Kb5 43. e6 Ba3 44. Nxa3+ 1-0


[Site "https://www.chess.com"]

[Event "Titled Tuesday Blitz April 05 Early 2022"]
[White "Niyazgulova, Marina"]
[Black "Cori T., Deysi"]
[WhiteFideId "24142573"]
[BlackFideId "3801934"]
[WhiteElo "2046"]
[BlackElo "2341"]
[Result "0-1"]
[Round "11"]
[TimeControl "180+1"]
[Date "2022.04.05"]
[WhiteClock "0:00:15"]
[BlackClock "0:00:46"]

1. d4 g6 2. c4 Bg7 3. Nc3 d6 4. e4 c6 5. Be2 Nd7 6. Nf3 Ngf6 7. O-O O-O 8. h3 Qc7 9. Be3 e5 10. Qd2 exd4 11. Nxd4 Nc5 12. f3 Nh5 13. Bf2 Be5 14. b4 Ne6 15. Nxe6 Bxe6 16. Rac1 Qe7 17. Rfd1 Bf4 18. Be3 Qg5 19. Bxf4 Nxf4 20. Bf1 Nxh3+ 21. Kh1 Nf4 22. Qf2 Rad8 23. Rc2 f5 24. exf5 Rxf5 25. g4 Rf7 26. Rcd2 d5 27. cxd5 Nxd5 28. Nxd5 Bxd5 29. Bg2 Rdf8 30. Rxd5 cxd5 31. Qxa7 Rxf3 32. Bxf3 Rxf3 33. Qb8+ Rf8 34. Qg3 Rf4 35. Rg1 Qe5 36. Re1 Qd4 37. Re8+ Kf7 38. Qe1 Qf6 39. Qe2 Qh4+ 40. Kg2 Rxg4+ 41. Kf1 Qh1+ 42. Kf2 Rg2+ 43. Ke3 Rxe2+ 44. Kxe2 Kxe8 0-1


[Site "https://www.chess.com"]

[Event "Titled Tuesday Blitz April 05 Early 2022"]
[White "Odegov, Artem"]
[Black "Koridze, Lile"]
[WhiteFideId "34183644"]
[BlackFideId "13612514"]
[WhiteElo "2286"]
[BlackElo "2050"]
[Result "1/2-1/2"]
[Round "11"]
[TimeControl "180+1"]
[Date "2022.04.05"]
[WhiteClock "0:00:34"]
[BlackClock "0:00:16"]

1. d4 Nf6 2. c4 e6 3. Nf3 d5 4. Nc3 Bb4 5. Bg5 O-O 6. e3 h6 7. Bxf6 Qxf6 8. Be2 c5 9. O-O cxd4 10. Nxd4 dxc4 11. Ne4 Qg6 12. Qc2 Nd7 13. Bxc4 Be7 14. Rac1 Ne5 15. Bb3 Bd7 16. Ng3 Qxc2 17. Rxc2 Rfc8 18. Rfc1 Kf8 19. Ne4 Nd3 20. Rxc8+ Rxc8 21. Rxc8+ Bxc8 22. Nb5 a6 23. Nbd6 Bd7 24. Nxb7 Nxb2 25. Nec5 Bc8 26. Kf1 Nd3 27. Nxd3 Bxb7 28. f3 Ke8 29. Ke2 Bd6 30. h3 Bc6 31. Kd2 Kd7 32. Kc1 Bb5 33. Nf2 Bf1 34. g4 Bg3 35. Ne4 Bh4 36. Kd2 Kc6 37. Ba4+ Kc7 38. Be8 f5 39. gxf5 exf5 40. Nc5 Kd6 41. Nb3 Bxh3 42. Nd4 Bf6 43. Ne2 Bg2 44. Ng1 Be5 45. Bh5 g5 46. Ke1 Bg3+ 47. Ke2 Kc5 48. Bg6 f4 49. e4 Kd4 50. Be8 Bh2 51. Kf2 Bxg1+ 52. Kxg2 Be3 53. Bh5 Kc3 54. Kh3 Kb2 55. Bf7 Kc3 56. Kg4 Kd4 57. Kh5 Bf2 58. Be6 Ke5 59. Bg4 Kf6 60. Kxh6 a5 61. Kh7 Kf7 62. Bh5+ Kf6 63. Kg8 Bc5 64. Bg4 Bb4 65. Bc8 Bc5 66. Bd7 Bb4 67. Kh7 Bc5 68. Kh6 Bb4 69. Kh5 Bc5 70. Kg4 Bb4 71. Kh3 Ke5 72. Bc8 Bc5 73. Kg2 Kd4 74. Kf1 Ke3 75. Bg4 Kd4 76. Ke2 Bb4 77. Kd1 Kd3 78. Kc1 Kc3 79. e5 Kd4 80. e6 Ke5 81. Kc2 Kd4 82. Kb3 Ke5 83. Ka4 Kf6 84. Kb5 Ke7 85. Bf5 Bd2 86. Bg4 Bc3 87. a3 Bd2 88. Kc6 Bc3 89. Kd5 Bb2 90. a4 Ba1 91. Ke4 Kf6 92. Bh3 Bb2 93. Kd5 Ke7 94. Kc4 Bc1 95. Bg4 Bd2 96. Kd5 Bc3 97. Kc6 Bd2 98. Kc5 Bc3 99. Kc4 Ba1 100. Kd3 Kf6 101. Ke4 Bc3 102. Bh3 Ba1 103. Bf5 Bc3 104. Bh7 Kxe6 105. Bg8+ Kf6 106. Bh7 Kg7 107. Bf5 Kh6 108. Bg4 Kg6 109. Kd5 Kf6 110. Kc6 Bd2 111. Kb5 Be1 112. Kc4 Bd2 113. Kd5 Be1 114. Ke4 Bd2 115. Kd5 Bb4 116. Ke4 Be1 117. Kd5 Bb4 118. Ke4 Be1 119. Kd5 Bb4 1/2-1/2


[Site "https://www.chess.com"]

[Event "Titled Tuesday Blitz April 05 Early 2022"]
[White "Pacheco Lugo, Alejandro Jose"]
[Black "Yushko, Olga"]
[WhiteFideId "3903745"]
[BlackFideId "14114500"]
[WhiteElo "2146"]
[BlackElo "2028"]
[Result "1-0"]
[Round "11"]
[TimeControl "180+1"]
[Date "2022.04.05"]
[WhiteClock "0:00:27"]
[BlackClock "0:00:20"]

1. e4 d6 2. d4 e5 3. Nf3 Nf6 4. Nc3 Nbd7 5. g4 Nxg4 6. Rg1 Ngf6 7. Bc4 exd4 8. Qxd4 c5 9. Qd3 g6 10. Bg5 Bg7 11. Qxd6 Qe7 12. Qxe7+ Kxe7 13. e5 Re8 14. exf6+ Kf8+ 15. Kd2 Nxf6 16. Rae1 Rd8+ 17. Kc1 Bf5 18. Ne5 h6 19. Be3 b6 20. Nxf7 Rd7 21. Nxh6 Bh3 22. Rxg6 Re8 23. Reg1 a6 24. R6g3 Be6 25. Bxe6 Rxe6 26. Nf5 Bh8 27. Bh6+ Kf7 28. Bg7 Rd8 29. Bxh8 Rxh8 30. h4 Nh5 31. Rg5 Nf4 32. Ne3 Rf6 33. Rf5 Rxh4 34. Rxf6+ Kxf6 35. Ncd5+ Ke5 36. Nxf4 Rxf4 37. b3 Rxf2 38. Ng4+ 1-0


[Site "https://www.chess.com"]

[Event "Titled Tuesday Blitz April 05 Early 2022"]
[White "Petrovic, Aleksa"]
[Black "Piesik, Piotr"]
[WhiteFideId "967629"]
[BlackFideId "1136194"]
[WhiteElo "2198"]
[BlackElo "2190"]
[Result "0-1"]
[Round "11"]
[TimeControl "180+1"]
[Date "2022.04.05"]
[WhiteClock "0:00:30"]
[BlackClock "0:01:15"]

1. d4 c5 2. d5 e5 3. c4 d6 4. Nc3 Be7 5. Nf3 a6 6. e4 Bg4 7. b3 Nd7 8. Be2 Bxf3 9. Bxf3 Bg5 10. Bb2 Ne7 11. h4 Bh6 12. g3 f5 13. exf5 Nxf5 14. Ne4 Nf6 15. Ng5 Qa5+ 16. Kf1 Bxg5 17. hxg5 Ng8 18. Be4 Nge7 19. g4 Nd4 20. Rxh7 Rxh7 21. Bxh7 O-O-O 22. Kg2 Rf8 23. Bxd4 cxd4 24. Qd3 Rf4 25. Kg3 Kb8 26. Be4 Rxe4 27. Qxe4 Qc3+ 28. Qf3 Qxa1 29. Qf8+ Nc8 30. Qxg7 Qg1+ 31. Kf3 d3 32. Ke3 Qf1 0-1


[Site "https://www.chess.com"]

[Event "Titled Tuesday Blitz April 05 Early 2022"]
[White "Polster, Christian"]
[Black "Sovetbekova, Nurai"]
[WhiteFideId "12965081"]
[BlackFideId "13801910"]
[WhiteElo "2325"]
[BlackElo "1538"]
[Result "0-1"]
[Round "11"]
[TimeControl "180+1"]
[Date "2022.04.05"]
[WhiteClock "0:00:06"]
[BlackClock "0:00:04"]

1. c4 Nf6 2. Nc3 d5 3. cxd5 Nxd5 4. Nf3 g6 5. e4 Nxc3 6. bxc3 Bg7 7. d4 c5 8. Bb5+ Bd7 9. Be2 Nc6 10. O-O Bg4 11. d5 Bxf3 12. gxf3 Ne5 13. Be3 b6 14. Qa4+ Nd7 15. Bb5 a6 16. Bc6 Ra7 17. Rab1 Bxc3 18. Rfc1 Bf6 19. f4 O-O 20. Bxd7 Rxd7 21. Rxb6 Qxb6 22. Qxd7 Rd8 23. Qa4 Bd4 24. Bxd4 cxd4 25. Rd1 Rc8 26. Qxd4 Qa5 27. Rd2 Rc1+ 28. Kg2 Qc7 29. e5 e6 30. d6 Qc6+ 31. f3 Qb5 32. Qd3 Qc5 33. Qd4 Qb5 34. Rf2 Qb1 35. Qa7 Rg1+ 36. Kh3 Qf5+ 37. Kh4 Qh5# 0-1


[Site "https://www.chess.com"]

[Event "Titled Tuesday Blitz April 05 Early 2022"]
[White "Potapova, Margarita"]
[Black "Baches Garcia, Guillermo"]
[WhiteFideId "14126869"]
[BlackFideId "2209764"]
[WhiteElo "2216"]
[BlackElo "2499"]
[Result "1-0"]
[Round "11"]
[TimeControl "180+1"]
[Date "2022.04.05"]
[WhiteClock "0:00:14"]
[BlackClock "0:00:01"]

1. e4 c5 2. Nf3 d6 3. d4 cxd4 4. Nxd4 Nf6 5. Nc3 Nc6 6. Bg5 e6 7. Qd2 h6 8. Bxf6 gxf6 9. O-O-O a6 10. Kb1 Bd7 11. f4 Qb6 12. Nb3 O-O-O 13. Be2 h5 14. Bf3 Be7 15. Rhe1 Kb8 16. Qe2 h4 17. Bh5 Rdf8 18. Bf3 Rc8 19. Bh5 Rcf8 20. Bg4 Na5 21. Nd5 exd5 22. Bxd7 Nxb3 23. axb3 dxe4 24. Qxe4 Bd8 25. Qd5 Bc7 26. Re7 Qc5 27. Rxf7 Qxd5 28. Rxf8+ Rxf8 29. Rxd5 Rg8 30. Bh3 Re8 31. Rh5 Re1+ 32. Ka2 Re2 33. c4 Bb6 34. Rxh4 Bd4 35. Rh7 Rxb2+ 36. Ka3 Rb1 37. b4 Bc3 38. b5 a5 39. Bf5 Rb4 40. Be6 Bb2+ 41. Ka2 a4 42. Bd5 a3 43. Rxb7+ Kc8 44. Re7 Bc1 45. Re2 Rb2+ 46. Rxb2 axb2 47. g3 Kc7 48. h4 1-0


[Site "https://www.chess.com"]

[Event "Titled Tuesday Blitz April 05 Early 2022"]
[White "Prieto Aranguren, Alain"]
[Black "Polok, Kacper"]
[WhiteFideId "2268906"]
[BlackFideId "1137158"]
[WhiteElo "2235"]
[BlackElo "2224"]
[Result "1-0"]
[Round "11"]
[TimeControl "180+1"]
[Date "2022.04.05"]
[WhiteClock "0:00:02"]
[BlackClock "0:00:09"]

1. e4 c5 2. Nf3 Nc6 3. d4 cxd4 4. c3 d5 5. e5 Bg4 6. cxd4 e6 7. Nc3 Nge7 8. Be3 Nf5 9. Be2 Bxf3 10. Bxf3 Nh4 11. O-O Nxf3+ 12. Qxf3 Be7 13. Qg4 g6 14. f4 h5 15. Qe2 a6 16. h3 b5 17. a4 b4 18. Nb1 Qb6 19. Nd2 Nxd4 20. Qf2 Bc5 21. Rac1 Ne2+ 22. Qxe2 Bxe3+ 23. Kh1 Kd7 24. a5 Qa7 25. Rfe1 Bxd2 26. Qxd2 Qb7 27. Re4 Rab8 28. Rcc4 Rhc8 29. Rxb4 Qc6 30. Rxb8 Rxb8 31. Rb4 Rb5 32. Kh2 Rxa5 33. Rb8 Rb5 34. Rf8 Ke7 35. Rh8 Qc4 36. f5 Kd7 37. Qg5 Qc7 38. fxe6+ Kc6 39. exf7 Rxb2 40. Qf6+ Kb5 41. f8=Q Re2 42. Qf4 a5 43. Q8f7 Qb6 44. Qe7 Re1 45. e6 Qg1+ 46. Kg3 Re3+ 47. Kh4 Qe1+ 48. Kg5 Re5+ 49. Kh6 g5 50. Qb7+ Kc5 51. Qf8+ Kd4 52. Qb6+ Ke4 53. e7 d4 54. e8=Q Kd3 55. Qa3+ Kd2 56. Qbb2+ Kd1 57. Qaa1# 1-0


[Site "https://www.chess.com"]

[Event "Titled Tuesday Blitz April 05 Early 2022"]
[White "Prohorov, Olexandr"]
[Black "Gontcharov, Vladislav"]
[WhiteFideId "14105578"]
[BlackFideId "4123492"]
[WhiteElo "1993"]
[BlackElo "2488"]
[Result "1-0"]
[Round "11"]
[TimeControl "180+1"]
[Date "2022.04.05"]
[WhiteClock "0:00:23"]
[BlackClock "0:00:01"]

1. e4 e6 2. d4 d5 3. Nc3 Bb4 4. Ne2 dxe4 5. a3 Be7 6. Ng3 Nf6 7. Ngxe4 Nbd7 8. g4 Nxe4 9. Nxe4 Nf6 10. Bg2 O-O 11. O-O c6 12. Ng3 e5 13. g5 Nd5 14. dxe5 Bxg5 15. f4 Bh4 16. Ne4 Qb6+ 17. Kh1 Ne3 18. Bxe3 Qxe3 19. Qh5 Be7 20. Rae1 Qb6 21. f5 Bd8 22. f6 Kh8 23. fxg7+ Kxg7 24. Nf6 h6 25. Rg1 Rh8 26. Be4+ 1-0


[Site "https://www.chess.com"]

[Event "Titled Tuesday Blitz April 05 Early 2022"]
[White "Rabineau, Clement"]
[Black "Bashirli, Saadat"]
[WhiteFideId "628891"]
[BlackFideId "13429990"]
[WhiteElo "2237"]
[BlackElo "1173"]
[Result "1-0"]
[Round "11"]
[TimeControl "180+1"]
[Date "2022.04.05"]
[WhiteClock "0:00:15"]
[BlackClock "0:01:18"]

1. e4 c5 2. c3 Nf6 3. e5 Nd5 4. d4 cxd4 5. cxd4 Nc6 6. Nc3 Nxc3 7. bxc3 g6 8. f4 Bg7 9. Nf3 d6 10. Bd3 O-O 11. O-O dxe5 12. fxe5 Bg4 13. h3 Bxf3 14. Rxf3 Qb6 15. Kh1 Rad8 16. Rb1 Qc7 17. Bf4 e6 18. Qe2 Ne7 19. Be4 Nd5 20. Bd2 f6 21. exf6 Nxf6 22. Rxb7 Qd6 23. Bg5 Nxe4 24. Qxe4 Rde8 25. Bf4 Qa3 26. Be5 Bxe5 27. Qxe5 Qc1+ 28. Kh2 Qh6 29. Rxf8+ Qxf8 30. Rxa7 Rb8 31. Qc7 Rb1 32. Qxh7# 1-0


[Site "https://www.chess.com"]

[Event "Titled Tuesday Blitz April 05 Early 2022"]
[White "Rodchenkov, Sergey D."]
[Black "Stanisz, Patryk"]
[WhiteFideId "4168712"]
[BlackFideId "1123106"]
[WhiteElo "2306"]
[BlackElo "1833"]
[Result "0-1"]
[Round "11"]
[TimeControl "180+1"]
[Date "2022.04.05"]
[WhiteClock "0:01:47"]
[BlackClock "0:00:12"]

1. e4 b6 2. d4 Ba6 3. c4 e6 4. Bd3 d5 5. b3 dxc4 6. Bxc4 Bxc4 7. bxc4 e5 8. dxe5 Qxd1+ 9. Kxd1 Nd7 10. Nf3 O-O-O 11. Kc2 Ne7 12. Bf4 Ng6 13. Bg3 Be7 14. Nc3 Nc5 15. Rhd1 h5 16. h3 c6 17. Ng1 Ne6 18. Nge2 Bc5 19. f4 h4 20. Bh2 Nd4+ 21. Nxd4 Bxd4 22. Rd3 Bxc3 23. Kxc3 Rxd3+ 24. Kxd3 Rd8+ 25. Kc3 c5 26. f5 Ne7 27. Bg1 Nc6 28. Bh2 Nb4 29. a3 Rd3+ 30. Kb2 Nc6 31. Kc2 Rd4 32. Re1 Rxc4+ 33. Kb3 Na5+ 34. Kb2 Rd4 35. Kc3 Rc4+ 36. Kd3 Rd4+ 37. Ke3 Nc4+ 38. Kf4 a5 39. e6 fxe6 40. fxe6 Kd8 41. Kf5 Ke7 42. e5 Nxa3 43. Bg1 Rd8 44. Be3 Rf8+ 45. Ke4 Kxe6 46. Rd1 Nc4 47. Bf4 g5 48. Bh2 Rf7 49. Rc1 Nd2+ 50. Kd3 Nb3 51. Rb1 a4 52. Kc4 Nd2+ 53. Kb5 Nxb1 54. Kxb6 Rf2 55. Kxc5 Rxg2 56. Kb4 Rxh2 57. Kxa4 Re2 58. Kb4 Rxe5 59. Kc4 Re3 60. Kb4 Rxh3 61. Kc5 Rg3 62. Kc4 h3 63. Kd4 Rf3 64. Kc5 Rf4 65. Kb5 h2 66. Kb6 h1=Q 67. Kc5 Qd5+ 68. Kb6 Rb4+ 69. Kc7 Qc5+ 70. Kd8 Rb8# 0-1


[Site "https://www.chess.com"]

[Event "Titled Tuesday Blitz April 05 Early 2022"]
[White "Rodchenkov, Vitaly"]
[Black "Mohammadian, Mohammad"]
[WhiteFideId "4152964"]
[BlackFideId "12566055"]
[WhiteElo "2337"]
[BlackElo "1544"]
[Result "1-0"]
[Round "11"]
[TimeControl "180+1"]
[Date "2022.04.05"]
[WhiteClock "0:00:48"]
[BlackClock "0:00:01"]

1. Nf3 Nf6 2. c4 g6 3. b4 Bg7 4. Bb2 O-O 5. e3 a6 6. Be2 Nc6 7. Qb3 d5 8. d3 dxc4 9. dxc4 e6 10. O-O Ne7 11. Rd1 Qe8 12. Nc3 c6 13. a4 Bd7 14. c5 Ned5 15. Nxd5 Nxd5 16. Bxg7 Kxg7 17. Ne5 Qe7 18. Nc4 Nf6 19. Rd6 Rfd8 20. Rad1 Be8 21. Nb6 Rab8 22. h3 Nd5 23. e4 Rxd6 24. cxd6 Qd8 25. d7 Nxb6 26. dxe8=Q Qxe8 27. Qe3 Nd7 28. Qd4+ Nf6 29. g4 h6 30. h4 Qe7 31. g5 e5 32. gxf6+ Qxf6 33. Qd6 Qxd6 34. Rxd6 Re8 35. Rd7 b5 36. axb5 axb5 37. Rc7 Re6 38. Bg4 Rd6 39. Bd7 f5 40. exf5 gxf5 41. Bxf5+ Kf6 42. Be4 Rd4 43. Rxc6+ Kg7 44. f3 Rxb4 45. Rc5 Rb2 46. Rxe5 b4 47. Bd5 Kf6 48. Rh5 Kg7 49. Be4 Rd2 50. Rb5 Rb2 51. Rd5 Ra2 52. Rb5 Rb2 53. Rb7+ Kf6 54. Rh7 Ke5 55. Rxh6 Kf4 56. Rh8 Kg3 57. Kf1 1-0


[Site "https://www.chess.com"]

[Event "Titled Tuesday Blitz April 05 Early 2022"]
[White "Rosenberg, Evan S"]
[Black "Jakubowska, Anna"]
[WhiteFideId "2019299"]
[BlackFideId "1121952"]
[WhiteElo "2274"]
[BlackElo "1924"]
[Result "0-1"]
[Round "11"]
[TimeControl "180+1"]
[Date "2022.04.05"]
[WhiteClock "0:01:18"]
[BlackClock "0:01:53"]

1. d4 f5 2. Qd3 d5 3. g4 fxg4 4. h3 Nf6 5. Nc3 Nc6 6. a3 gxh3 7. Bxh3 Bxh3 8. Nxh3 Qd7 9. Ng5 e5 10. Nxh7 O-O-O 11. Rh3 e4 12. Nxf6 exd3 13. Nxd7 Rxh3 14. Nxf8 Rh1+ 15. Kd2 dxe2 16. Nxe2 Rxf8 17. f4 Rh2 18. Ke3 Re8+ 0-1


[Site "https://www.chess.com"]

[Event "Titled Tuesday Blitz April 05 Early 2022"]
[White "Rozhkov, Viacheslav"]
[Black "Mokshanov, Alexey"]
[WhiteFideId "4181484"]
[BlackFideId "24121657"]
[WhiteElo "2324"]
[BlackElo "2141"]
[Result "1-0"]
[Round "11"]
[TimeControl "180+1"]
[Date "2022.04.05"]
[WhiteClock "0:02:56"]
[BlackClock "0:03:03"]

1. e4 e6 2. d4 d5 3. e5 c5 4. c3 Nc6 5. Nf3 Qb6 6. a3 c4 7. Nbd2 Na5 8. Rb1 Bd7 9. Be2 Ne7 10. b3 Qb4 11. axb4 1-0


[Site "https://www.chess.com"]

[Event "Titled Tuesday Blitz April 05 Early 2022"]
[White "Sahil, Tickoo"]
[Black "Hernandez Bermudez, Ulises Eduardo"]
[WhiteFideId "5019710"]
[BlackFideId "3902510"]
[WhiteElo "2099"]
[BlackElo "2056"]
[Result "0-1"]
[Round "11"]
[TimeControl "180+1"]
[Date "2022.04.05"]
[WhiteClock "0:00:25"]
[BlackClock "0:00:08"]

1. d4 Nf6 2. Bf4 g6 3. e3 Bg7 4. Nf3 d6 5. h3 O-O 6. Be2 c5 7. c3 cxd4 8. cxd4 Nc6 9. Nc3 Re8 10. Bh2 Bf5 11. O-O e5 12. dxe5 dxe5 13. Qxd8 Raxd8 14. Rfd1 a6 15. a3 e4 16. Ne1 Be6 17. Bc7 Rc8 18. Bb6 Ne5 19. Nc2 Bc4 20. Bd4 Bxe2 21. Nxe2 Rxc2 22. Nf4 Nc6 23. Bc3 Nh5 24. Bxg7 Kxg7 25. Nd5 Ne5 26. Nb4 Rc7 27. Rd4 Nf6 28. Rad1 Rec8 29. Nd5 Nxd5 30. Rxd5 Nd3 31. b4 Rc1 32. Rxc1 Rxc1+ 33. Kh2 Nxf2 34. Rd7 Rc3 35. a4 b5 36. axb5 axb5 37. Rd5 Rb3 38. Rxb5 Nd3 39. Rb7 Rxb4 40. Rd7 Ne5 41. Re7 Kf6 42. Ra7 Rb3 43. Ra6+ Kg7 44. Ra5 f6 45. Ra7+ Nf7 46. Kg3 Rxe3+ 47. Kf4 Re1 48. h4 e3 49. Kf3 f5 50. g3 Kf6 51. Ra6+ Ke7 52. Ra5 Ke6 53. Ra6+ Nd6 54. g4 fxg4+ 55. Kxg4 e2 56. Kf3 Rh1 57. Kxe2 Rxh4 58. Ra7 h5 59. Kf3 Rd4 60. Ra8 Nf5 61. Re8+ Kf7 62. Ra8 Kf6 63. Ra6+ Kg5 64. Kf2 Rf4+ 65. Kg2 h4 66. Kh3 Rf3+ 67. Kh2 Rf2+ 68. Kh3 Rf3+ 69. Kh2 Rc3 70. Rb6 Nh6 71. Rb5+ Nf5 72. Rb6 Rd3 73. Ra6 Rd6 74. Ra4 Ne3 75. Ra5+ Kh6 76. Ra4 Kh5 77. Ra5+ g5 78. Rb5 Ng4+ 79. Kg2 Rd2+ 80. Kg1 h3 81. Rb3 Rd1# 0-1


[Site "https://www.chess.com"]

[Event "Titled Tuesday Blitz April 05 Early 2022"]
[White "Saim, Mohamed Ilias"]
[Black "Dilmukhametov, Artur"]
[WhiteFideId "7900465"]
[BlackFideId "24179922"]
[WhiteElo "2006"]
[BlackElo "2244"]
[Result "1-0"]
[Round "11"]
[TimeControl "180+1"]
[Date "2022.04.05"]
[WhiteClock "0:00:10"]
[BlackClock "0:00:25"]

1. d4 Nf6 2. Nf3 g6 3. e3 Bg7 4. Be2 O-O 5. O-O d6 6. c4 Na6 7. Nc3 c5 8. d5 e6 9. e4 exd5 10. exd5 Bg4 11. h3 Bxf3 12. Bxf3 Re8 13. Bg5 Nc7 14. Qd2 a6 15. Rfe1 Qd7 16. a4 b5 17. axb5 axb5 18. Rxa8 Rxa8 19. b3 Re8 20. Rxe8+ Qxe8 21. Qe2 Qxe2 22. Nxe2 bxc4 23. bxc4 Nd7 24. Be7 Bf8 25. Bxf8 Kxf8 26. Nf4 Ne5 27. Be2 f5 28. g4 Kf7 29. Kf1 fxg4 30. hxg4 Kf6 31. Kg2 h5 32. gxh5 gxh5 33. Nxh5+ Kg5 34. Ng3 Na8 35. Ne4+ Kf4 36. Nxd6 Nb6 37. Nb7 Nbxc4 38. Nxc5 Nd6 39. Ne6+ Ke4 40. Nc7 Ng6 41. f3+ Kd4 42. Kg3 Ne7 43. Kg4 Nxd5 44. Nxd5 Kxd5 45. f4 Ke6 46. Bd3 Ne8 47. Kg5 Nf6 48. Kg6 Ke7 49. Bc4 Ng8 50. f5 Nf6 51. Bb3 Ng8 52. Bxg8 Kf8 53. Be6 Ke7 54. Kg7 Ke8 55. f6 Kd8 56. f7 Ke7 57. f8=Q+ Kxe6 58. Qf1 Kd6 59. Kf6 Kd5 60. Qe1 Kd6 61. Qd1+ Kc5 62. Ke5 Kc6 63. Qd2 Kc7 64. Ke6 Kb6 65. Qc2 Kb5 66. Kd5 Kb6 67. Qc3 Kb7 68. Kd6 Kb8 69. Kd7 Kb7 70. Qb3+ Ka6 71. Kc6 Ka7 72. Qb7# 1-0


[Site "https://www.chess.com"]